AoeStats
← 18 on berries

Arabia

511010349Analyzed
1v1 RM · 9h ago on Oct 3, 2026· 39m 44s· 2 players
Game mode
Random Map
Map size
Tiny (2 player)
Population
200
Speed
Normal
Resources
Standard
Victory
Conquest
Starting age
Dark Age
Ending age
Imperial Age
RankedLock teamsTeams togetherTeam positionsShared explorationLock speedFull tech treeHidden civsTurbo modeCheats
Victory
Defeat
🇩🇪 Dravidians · Germany
1939
+15
🇦🇷 Teutons · Argentina
1912
-15
[SotC] Klovn
6:32 Loom
8:49 Feudal Age
8:58 Man-at-Arms
9:40 Double-Bit Axe
18:05 Castle Age
16:04 Horse Collar
17:09 Bloodlines
18:40 Wheelbarrow
19:05 Scale Barding Armor
20:30 Forging
22:46 Town Watch
24:25 Chain Barding Armor
25:37 Iron Casting
25:47 Heavy Plow
28:48 Hand Cart
33:37 Padded Archer Armor
33:27 Fletching
34:07 Elite Skirmisher
34:39 Fletching
35:04 Leather Archer Armor
35:53 Ballistics
36:09 Bodkin Arrow
37:15 Bow Saw
18 on berries
7:48 Loom
9:41 Feudal Age
9:43 Man-at-Arms
10:16 Loom
11:33 Double-Bit Axe
14:29 Horse Collar
20:09 Castle Age
18:28 Gold Mining
18:48 Fletching
20:12 Padded Archer Armor
21:01 Bow Saw
20:52 Heavy Plow
21:16 Husbandry
24:59 Bodkin Arrow
26:38 Devotion
27:42 Wheelbarrow
28:22 Wheelbarrow
28:34 Sanctity
27:57 Pikeman
35:39 Ballistics
39:40 Imperial Age
37:11 Stone Mining
37:10 Town Watch
39:26 Leather Archer Armor
39:20 Thumb Ring
Connection lost

Rejoining the realm…

Still unreachable

The connection could not be restored.

Session expired

The server has moved on; the page needs a fresh start.